 Dungeon Crawl Stone Soup version 0.29-a0-365-gd383c6f (webtiles) character file.

Game seed: 8796219323300332194

3487 lyrin the Grappler (level 10, -2/69 HPs)
             Began as a Vine Stalker Transmuter on Apr 30, 2022.
             Was a Follower of Ru.
             Slain by a killer bee (3 damage)
             ... on level 8 of the Dungeon.
             The game lasted 00:15:22 (6924 turns).

lyrin the Grappler (Vine Stalker Transmuter)        Turns: 6924, Time: 00:15:22

Health: -2/69      AC: 25    Str: 17    XL:     10   Next: 7%
Magic:  0/14       EV:  2    Int: 13    God:    Ru [*.....]
Gold:   299        SH:  8    Dex: 21    Spells: 8/13 levels left

rFire   . . .      SeeInvis .     - Unarmed
rCold   . . .      Faith    .   c - +2 buckler
rNeg    . . .      Spirit   +   (body armour currently unavailable)
rPois   +          Reflect  .   (helmet currently unavailable)
rElec   .          Harm     .   (cloak currently unavailable)
rCorr   .          Rampage  .   (gloves currently unavailable)
Will    +....      NoTele   +   (boots currently unavailable)
Stlth   ++........              (no amulet)
HPRegen 1.01/turn               A - +6 ring of dexterity
MPRegen 0.14/turn               (no ring)

@: lethally poisoned (-2 -> -2), tree-form
A: stationary, stasis, torment immunity, boosted hp, (fangs 3), regeneration 1,
magic shield, (antimagic bite), no potion heal 2, unskilled 1
a: Renounce Religion


You were on level 8 of the Dungeon.
You worshipped Ru.
Ru was aware of your devotion.
You were a tree.
You visited 1 branch of the dungeon, and saw 8 of its levels.

You collected 299 gold pieces.

Inventory:

Missiles
 a - a throwing net
Armour
 c - a +2 buckler (worn)
 k - a +0 ring mail (melded)
 u - a +2 pair of boots (melded)
 D - a +0 cloak (melded)
Jewellery
 A - a +6 ring of dexterity (left branch)
 E - a +6 ring of dexterity
Wands
 z - a wand of charming (11)
 H - a wand of digging (3)
 J - a wand of acid (9)
Scrolls
 d - 4 scrolls of teleportation {unknown}
 j - a scroll of noise {unknown}
 l - 8 scrolls of identify {unknown}
 m - 2 scrolls of fear {unknown}
 n - 2 scrolls of enchant armour {unknown}
 o - a scroll of silence {unknown}
 r - a scroll of magic mapping {unknown}
 s - a scroll of enchant weapon {unknown}
 t - a scroll of amnesia {unknown}
 y - a scroll of brand weapon {unknown}
 B - a scroll of torment {unknown}
 C - 3 scrolls of immolation {unknown}
 F - a scroll of fog {unknown}
 G - a scroll of vulnerability {unknown}
Potions
 b - a potion of lignification
 e - 3 potions of curing {unknown}
 f - a potion of mutation {unknown}
 g - 3 potions of heal wounds {unknown}
 h - 2 potions of cancellation {unknown}
 i - a potion of degeneration {unknown}
 p - a potion of flight {unknown}
 q - 3 potions of magic {unknown}
 v - a potion of berserk rage {unknown}
 w - 2 potions of might {unknown}
 x - 3 potions of brilliance {unknown}
 I - a potion of attraction {unknown}


   Skills:
 + Level 1.9 Fighting
 + Level 4.2 Armour
 + Level 3.2 Dodging
 + Level 3.4 Shields
 * Level 9.3 Unarmed Combat
 - Level 2.0 Spellcasting
 + Level 3.5 Transmutations
 * Level 3.4 Fire Magic


You had 8 spell levels left.
You knew the following spells:

 Your Spells              Type           Power      Damage    Failure   Level
a - Beastly Appendage     Tmut           20%        N/A       8%          1
b - Sticky Flame          Conj/Fire      5%         2d3       86%         4

Your spell library contained the following spells:

 Spells                   Type           Power      Damage    Failure   Level
 Wereblood                Tmut           10%        N/A       12%         2
 Ignite Poison            Fire/Tmut/Pois 7%         N/A       36%         3
 Spider Form              Tmut/Pois      5%         N/A       43%         3
 Static Discharge         Conj/Air       1%         N/A       45%         2
 Conjure Flame            Conj/Fire      5%         6-21      45%         3
 Mephitic Cloud           Conj/Pois/Air  1%         N/A       69%         3
 Ice Form                 Ice/Tmut       5%         N/A       85%         4
 Dispel Undead            Necr           1%         3d6       97%         4
 Freezing Cloud           Conj/Ice/Air   0%         6-21      100%        5


Dungeon Overview and Level Annotations

Branches:
Dungeon (8/15)             Temple (0/1) D:4
   Lair: D:8-11

Altars:
Cheibriados
Dithmenos
Elyvilon
Gozag
Hepliaklqana
Makhleb
Okawaru
Qazlal
Ru
Sif Muna
Uskayaw
Vehumet
Wu Jian
Yredelemnul
Zin

Shops:
D:3 (   D:5 :

Annotations:
D:6 Ozzieoiler's ghost, novice DgCj


Innate Abilities, Weirdness & Mutations

You are a tree.
Your roots penetrate the ground, keeping you stationary.
You cannot be teleported.
You are immune to unholy pain and torment.
Your maximum health is greatly increased.
Your equipment is partially melded.
((You have razor-sharp teeth.))
Your natural rate of healing is unusually fast.
When hurt, damage is shared between your health and your magic reserves.
((Your bite disrupts and absorbs the magic of your enemies.))
Potions cannot restore your health.
You are somewhat unskilled. (-1 Apt)


Message History

The killer bee poisons you!
Things that are here:
a +0 club; a killer bee corpse; a killer bee corpse You punch the killer bee!
You kill the killer bee!
You feel very sick.
Really quaff the potion of lignification?
Your horns disappear.
Your talons disappear.
Your +2 pair of boots unmelds from your body.
You turn into a tree.
Your +0 cloak melds into your body.
Your +2 pair of boots melds into your body.
Your +0 ring mail melds into your body.
Your roots penetrate the ground.
You feel very sick.
The killer bee stings you but does no damage.
The killer bee stings you!
* * * LOW HITPOINT WARNING * * *
You barely miss the killer bee.
You feel sick.
The killer bee stings you but does no damage. x2
You pummel the killer bee!!
You kill the killer bee!
You feel sick.
The killer bee stings you but does no damage.
You hit the killer bee.
The killer bee is moderately wounded.
You feel sick.
The killer bee stings you but does no damage.
You miss the killer bee.
The killer bee is moderately wounded.
You feel sick.
The killer bee stings you but does no damage.
The killer bee stings you!
* * * LOW HITPOINT WARNING * * *
You smack the killer bee!
The killer bee is almost dead.
You feel sick. The killer bee stings you!
* * * LOW HITPOINT WARNING * * *
You smack the killer bee!
You kill the killer bee!
You feel sick. The killer bee stings you.
You die...

#. #.# #.#
#.##############
#.#.y♣)....)...#
#
♣.#.##########.#
♣.♣ ♣♣♣♣##.#†#
#.#######
.♣≈≈♣...♣♣.yy#
#........
.≈≈≈≈......♣♣♣
########.
#≈≈≈≈..♣..♣ #.
##≈≈.♣.♣♣.♣ ##.
##. ..♣.y♣
#####.. #
.♣...♣. ........


You could see a killer bee.

Vanquished Creatures
  Pikel (D:7)
  A komodo dragon (D:7)
  Grinder (D:6)
  Sigmund (D:4)
  An ice beast (D:6)
  A black bear (D:7)
  An ogre (D:5)
  2 centaurs
  Blork the orc (D:6)
  A gnoll sergeant (D:6)
  2 bullfrogs
  3 necrophages
  3 scorpions
  11 killer bees (D:8)
  2 howler monkeys
  2 gnoll shamans
  2 quasits (D:6)
  8 hounds
  2 orc priests (D:7)
  A jelly (D:6)
  Crazy Yiuf (D:6)
  Natasha (thrice) (D:4)
  2 iguanas
  3 orc wizards
  12 gnolls
  8 adders
  A shadow imp (D:6)
  3 white imps
  An ufetubus (D:6)
  2 worms
  2 dart slugs
  20 orcs
  9 ball pythons
  7 endoplasms
  4 giant cockroaches
  10 goblins
  6 hobgoblins
  9 kobolds
  3 bats (D:1)
  2 frilled lizards (D:2)
  7 rats
162 creatures vanquished.

Vanquished Creatures (others)
  2 plants (D:5)
2 creatures vanquished.

Grand Total: 164 creatures vanquished

Notes
Turn   | Place    | Note
-------+----------+-------------------------------------------
     0 | D:1      | lyrin the Vine Stalker Transmuter began the quest for the
                  | Orb.
     0 | D:1      | Reached XP level 1. HP: 9/9 MP: 4/4
   208 | D:1      | Reached XP level 2. HP: 3/14 MP: 4/6
   829 | D:1      | Found a faded altar of an unknown god.
  1021 | D:1      | Reached XP level 3. HP: 13/17 MP: 5/7
  1093 | D:1      | Reached skill level 4 in Unarmed Combat
  1352 | D:2      | Gained mutation: Your natural rate of healing is unusually
                  | fast. [Vine Stalker growth]
  1352 | D:2      | Reached XP level 4. HP: 3/21 MP: 4/8
  1807 | D:2      | Reached XP level 5. HP: 20/25 MP: 7/9
  1988 | D:3      | Found a radiant altar of Vehumet.
  1988 | D:3      | Found a sacrificial altar of Ru.
  2108 | D:3      | Found a white marble altar of Elyvilon.
  2128 | D:3      | Found Losyo's Antique Weapon Shop.
  2360 | D:4      | Reached skill level 1 in Fighting
  2361 | D:4      | Noticed Natasha
  2372 | D:4      | Killed Natasha
  2373 | D:4      | Reached skill level 1 in Shields
  2373 | D:4      | Reached skill level 5 in Unarmed Combat
  2426 | D:4      | Reached skill level 1 in Armour
  2501 | D:3      | Reached XP level 6. HP: 25/30 MP: 8/10
  2789 | D:4      | Noticed Natasha
  2906 | D:4      | Killed Natasha
  3055 | D:4      | Found a staircase to the Ecumenical Temple.
  3102 | D:4      | Found a basalt altar of Yredelemnul.
  3167 | D:4      | Noticed Natasha
  3176 | D:4      | Killed Natasha
  3212 | D:4      | Found a faded altar of an unknown god.
  3213 | D:4      | Found a hazy altar of Hepliaklqana.
  3213 | D:4      | Noticed Sigmund
  3433 | D:4      | Found the +3 woodcutter's axe {vorpal}
  3460 | D:4      | Reached skill level 6 in Unarmed Combat
  3460 | D:4      | Reached XP level 7. HP: 18/33 MP: 6/11
  3634 | D:4      | Killed Sigmund
  3712 | D:3      | Found a shimmering blue altar of Sif Muna.
  3720 | D:3      | Became a worshipper of Ru the Awakened
  3750 | D:5      | Entered Level 5 of the Dungeon
  3781 | D:5      | Found a hide-covered altar of Uskayaw.
  3861 | D:5      | Reached skill level 7 in Unarmed Combat
  3861 | D:5      | Gained mutation: You have razor-sharp teeth. [Vine Stalker
                  | growth]
  3861 | D:5      | Reached XP level 8. HP: 25/37 MP: 7/12
  3932 | D:5      | Found a snail-covered altar of Cheibriados.
  3932 | D:5      | Found a burning altar of Makhleb.
  3932 | D:5      | Found a glowing silver altar of Zin.
  3963 | D:5      | Found a shadowy altar of Dithmenos.
  4396 | D:5      | Found Saprypn's Book Shop.
  4463 | D:5      | Learned a level 4 spell: Sticky Flame
  4464 | D:6      | Noticed Blork the orc
  4472 | D:6      | Killed Blork the orc
  4555 | D:6      | Reached skill level 1 in Fire Magic
  4603 | D:6      | Found a runed translucent door.
  4604 | D:6      | Noticed Crazy Yiuf
  4623 | D:6      | Noticed Grinder
  4657 | D:6      | Killed Grinder
  4658 | D:6      | Reached skill level 8 in Unarmed Combat
  4670 | D:6      | Reached XP level 9. HP: 39/42 MP: 13/13
  4946 | D:6      | Gained mutation: You are somewhat unskilled. (-1 Apt) [Ru
                  | sacrifice]
  4946 | D:6      | Reduced skill Unarmed Combat to level 7
  4946 | D:6      | Reached * piety under Ru
  5000 | D:6      | Found a transporter.
  5007 | D:6      | Found a transporter.
  5027 | D:6      | Noticed Ozzieoiler's ghost (novice DgCj)
  5060 | D:6      | Reached skill level 8 in Unarmed Combat
  5351 | D:6      | Killed Crazy Yiuf
  5818 | D:7      | Noticed a komodo dragon
  5827 | D:7      | HP: 1/41 [komodo dragon (9)]
  5828 | D:7      | Killed a komodo dragon
  5948 | D:7      | Found an iron altar of Okawaru.
  6177 | D:7      | Found a stormy altar of Qazlal.
  6214 | D:7      | Noticed Pikel
  6230 | D:7      | Killed Pikel
  6412 | D:7      | Found an ornate altar of the Wu Jian Council.
  6488 | D:7      | Found an opulent altar of Gozag.
  6716 | D:8      | Reached skill level 9 in Unarmed Combat
  6823 | D:8      | Reached XP level 10. HP: 46/46 MP: 14/14
  6923 | D:8      | HP: 1/69 [killer bee (4)]
  6924 | D:8      | Slain by a killer bee

Illustrated notes

Levels and vault maps discovered:
D:1:      minmay_arrival_open_corners, layout_basic,
          hellmonk_ecumenical_altar_heavens_door,
          chequers_serial_rivers_large_a, minmay_small_reverse_x
D:2:      layout_loops_cross
D:3:      layout_loops_ring, elyvilon_altar_5, nicolae_overflow_hidden_temple,
          serial_shops, nicolae_shop_crystal
D:4:      layout_cave_pools, beargit_hepliaklqana_dungeon_heroes,
          mainiacjoe_overflow_alcove_2, minmay_temple_entry_statues_fountains,
          lightli_corner_chamber, uniq_natasha
D:5:      layout_rooms, mainiacjoe_overflow_brackets,
          mainiacjoe_overflow_boulevard, gammafunk_temple_overflow_forgotten,
          serial_shops, nicolae_lakefront_shop
D:6:      layout_basic, gammafunk_ghost_stat_death, lemuel_old_faithful,
          uniq_blork_the_orc, uniq_grinder, uniq_crazy_yiuf_cottage
D:7:      layout_loops_ring, nzn_wu_jian_council_hall, lemuel_crystal_altar,
          nicolae_qazlal_style_of_elements, nicolae_gozag_seed_capital,
          nrook_mini_backslash, uniq_pikel
D:8:      wad_woods_minihive, layout_loops_ring, minivault_1

Skill      XL: |  1  2  3  4  5  6  7  8  9 |
---------------+----------------------------+-----
Unarmed Combat | 4 5 6 7 8 9 |  9.3
Dodging        | 2 3 3 |  3.2
Fighting       | 1 |  1.9
Shields        | 1 2 3 |  3.4
Armour         | 1 2 3 4 |  4.2
Transmutations | 3 |  3.5
Fire Magic     | 1 3 |  3.4
Spellcasting   | |  2.0

Action                   |  1- 3 |  4- 6 |  7- 9 | 10-12 || total
-------------------------+-------+-------+-------+-------++-------
Melee: Unarmed           |    79 |   182 |   285 |    28 ||   574
       Bite              |    20 |    36 |    98 |     5 ||   159
       Kick              |       |    29 |    59 |     9 ||    97
       Headbutt          |       |    11 |    33 |     3 ||    47
 Cast: Beastly Appendage |       |    22 |    25 |     3 ||    50
Invok: Sacrifice Skill   |       |       |     1 |       ||     1
  Use: Potion            |       |       |       |     1 ||     1
Armor: Robe              |     8 |       |       |       ||     8
       Ring mail         |    18 |    64 |    91 |     9 ||   182
       Skin              |       |       |       |     6 ||     6
Dodge: Dodged            |    51 |    92 |   117 |    19 ||   279
Block: Buckler           |    22 |    63 |   113 |    11 ||   209

Table legend: (Time is in decaauts)
 A = Elapsed time spent in this place.
 B = Non-inter-level travel time spent in this place.
 C = Inter-level travel time spent in this place.
 D = Time resting spent in this place.
 E = Time spent auto-exploring this place.
 F = Levels seen in this place.
 G = Mean time per level.
                   A        B        C        D        E       F      G
               +--------+--------+--------+--------+--------+-----+--------+
         Total |   6902 |   6573 |    329 |    780 |   3959 |   8 |  862.8 |
       Dungeon |   6902 |   6573 |    329 |    780 |   3959 |   8 |  862.8 |
               +--------+--------+--------+--------+--------+-----+--------+

Top non-repeatable levels by time:
     D:1: 1193 daAuts
     D:6: 1175 daAuts
     D:7: 979 daAuts
     D:3: 943 daAuts
     D:4: 850 daAuts
     D:2: 773 daAuts
     D:5: 707 daAuts
     D:8: 279 daAuts
